 Dungeon Crawl Stone Soup version 0.23.1 (webtiles) character file.

Game seed: 0

1121 Lanoc the Slasher (level 8, -11/69 HPs)
             Began as a Black Draconian Monk on Mar 1, 2019.
             Was an Elder of Okawaru.
             Mangled by Harold
             ... wielding a +0 glaive
              (30 damage)
             ... on level 7 of the Dungeon.
             The game lasted 00:09:04 (5302 turns).

Lanoc the Slasher (Black Draconian Monk)            Turns: 5302, Time: 00:09:05

Health: -11/69     AC:  7    Str: 13    XL:     8   Next: 12%
Magic:  19/19      EV: 14    Int: 12    God:    Okawaru [****..]
Gold:   360        SH:  4    Dex: 15    Spells: 7/7 levels left

rFire    + . .     SeeInvis .   t - +9 mace of Truth {drain, rC++ MP+9 Str-2 Int+2}
rCold    + + .     Gourm    .   q - +0 buckler
rNeg     . . .     Faith    .   (armour unavailable)
rPois    .         Spirit   .   (helmet restricted)
rElec    +         Reflect  .   v - +0 cloak
rCorr    .         Harm     .   (no gloves)
MR       .....                  (no boots)
Stlth    ++........             (no amulet)
HPRegen  0.21/turn              l - ring of wizardry
MPRegen  0.16/turn              n - ring of protection from fire

@: short of breath, hasted, very quick
A: breathe lightning, unfitting armour, electricity resistance, cold-blooded, AC
+6
a: Breathe Lightning, Heroism, Renounce Religion


You were on level 7 of the Dungeon.
You worshipped Okawaru.
Okawaru was greatly pleased with you.
You were not hungry.

You visited 1 branch of the dungeon, and saw 7 of its levels.

You collected 360 gold pieces.

Inventory:

Hand Weapons
 a - a +0 long sword
 r - a +0 falchion of holy wrath
 t - the +9 mace of Truth (weapon) {drain, rC++ MP+9 Str-2 Int+2}
   (You found it on level 6 of the Dungeon)

   A truly terrible weapon, it drains the life of those it strikes.
   It affects your strength (-2).
   It affects your intelligence (+2).
   It greatly protects you from cold.
   It affects your magic capacity (+9).
Armour
 q - a +0 buckler (worn)
 v - a +0 cloak (worn)
Jewellery
 l - a ring of wizardry (left hand)
 n - a ring of protection from fire (right hand)
Wands
 j - a wand of digging (3)
Scrolls
 c - a scroll of blinking {unknown}
 d - 3 scrolls of teleportation {unknown}
 f - a scroll of immolation {unknown}
 h - 6 scrolls of identify {unknown}
 m - 2 scrolls of remove curse
 o - 3 scrolls of random uselessness {unknown}
 p - 5 scrolls of fear {unknown}
 u - a scroll of enchant armour {unknown}
Potions
 e - a potion of brilliance
 g - 2 potions of haste
 i - a potion of flight {unknown}
 k - a potion of ambrosia {unknown}
 s - a potion of heal wounds {unknown}
 w - a potion of lignification {unknown}
Comestibles
 b - 8 rations


   Skills:
 + Level 5.4 Fighting
 * Level 6.6 Long Blades
 + Level 4.6 Dodging
 - Level 2.1 Stealth
 + Level 2.5 Shields
 + Level 3.7 Invocations


You had 7 spell levels left.
You didn't know any spells.
Your spell library contained the following spells:

 Spells                   Type           Power        Failure   Level  Hunger
 Animate Skeleton         Necr           N/A          16%         1    ##.....
 Apportation              Tloc           #.....       16%         1    ##.....
 Confusing Touch          Hex            #.....       16%         1    ##.....
 Summon Small Mammal      Summ           #...         16%         1    ##.....


Dungeon Overview and Level Annotations

Branches:
Dungeon (7/15)
 Temple: D:4-7

Altars:
Cheibriados
Makhleb
Okawaru
Qazlal
Ru
Trog
The Shining One

Annotations:
D:7 Harold


Innate Abilities, Weirdness & Mutations

You can breathe wild blasts of lightning.
Your glossy black scales are hard. (AC +6)
You cannot fit into any form of body armour.
You are resistant to electric shocks. (rElec)
You are cold-blooded and may be slowed by cold attacks.


Message History

The orc wizard is almost dead.
The orc wizard misses you.
You hit the orc wizard.
You kill the orc wizard!
Okawaru accepts your kill.
Your shield prevents you from hitting something.
Your tail-slap misses something.
A sky beast appears from thin air!
Reactivating autopickup.
The sky beast hits you but does no damage. x2
You hit the sky beast.
Your tail-slap misses the sky beast.
The sky beast is heavily wounded.
Harold closely misses you. You block the sky beast's attack.
You barely miss the sky beast.
The sky beast is heavily wounded.
Harold hits you with a +0 glaive!! The sky beast closely misses you. x2
Harold hits you with a +0 glaive!!
* * * LOW HITPOINT WARNING * * *
The orc barely misses you.
You feel yourself speed up. Harold hits you with a +0 glaive!!
You die...

#.# #. #####.## #.
##...#..## #.
#........#####.
##..............
##.......<.######
#.##...##........
...#(#####..#####...######
.....oooY@.#.# #.#.##
......o##@o##.#.##.#
..$.... .o.....# #.#
.......##..##### #.#
##..... #..# #. .)...#.
#..# ....... .... ##.####
####


You could see Harold, a sky beast, an orc wizard and 5 orcs.

Vanquished Creatures
  Menkaure (D:5)
  Edmund (D:5)
  2 ogres
  A howler monkey (D:5)
  3 crimson imps
  2 hounds (D:6)
  An orc priest (D:4)
  2 jellies (D:6)
  5 orc wizards
  Crazy Yiuf (D:6)
  An iguana (D:5)
  3 worker ants
  A hound skeleton (D:7)
  7 adders
  3 oozes
  An adder skeleton (D:7)
  4 worms
  A leopard gecko (D:4)
  10 orcs
  2 ball pythons
  3 bats
  3 giant cockroaches
  A goblin (D:1)
  2 hobgoblins
  4 jackals (D:4)
  2 kobolds
  3 quokkas
  5 frilled lizards
  2 goblin zombies (D:4)
  A hobgoblin zombie (D:4)
  A kobold zombie (D:4)
  3 orc skeletons (D:4)
  2 orc zombies (D:4)
  A quokka skeleton (D:3)
  5 rats
90 creatures vanquished.

Notes
Turn   | Place    | Note
-------+----------+-------------------------------------------
     0 | D:1      | Lanoc the Draconian Monk began the quest for the Orb.
     0 | D:1      | Reached XP level 1. HP: 19/19 MP: 1/1
   134 | D:2      | Found a sacrificial altar of Ru.
   134 | D:2      | Noticed an orc wizard
   139 | D:2      | Killed an orc wizard
   139 | D:2      | Reached XP level 2. HP: 21/26 MP: 2/2
   139 | D:2      | Reached XP level 3. HP: 25/31 MP: 3/3
   341 | D:2      | Found an iron altar of Okawaru.
   500 | D:2      | Became a worshipper of Warmaster Okawaru
   500 | D:2      | Reached * piety under Okawaru
   500 | D:2      | Reached ** piety under Okawaru
   628 | D:2      | Noticed a moth of wrath
   631 | D:2      | Found a bloodstained altar of Trog.
   953 | D:3      | Noticed an ogre
  1210 | D:3      | Reached XP level 4. HP: 40/40 MP: 4/4
  1424 | D:3      | Reached skill level 4 in Long Blades
  1507 | D:3      | Killed an ogre
  1507 | D:3      | Reached skill level 1 in Invocations
  1507 | D:3      | Reached XP level 5. HP: 18/46 MP: 4/6
  1772 | D:3      | Found a stormy altar of Qazlal.
  2234 | D:4      | Found a glowing golden altar of the Shining One.
  2395 | D:4      | Noticed an ogre
  2408 | D:4      | Reached XP level 6. HP: 48/53 MP: 7/7
  2416 | D:4      | Reached skill level 5 in Long Blades
  2531 | D:4      | Found a snail-covered altar of Cheibriados.
  2989 | D:5      | Entered Level 5 of the Dungeon
  3208 | D:5      | Noticed Menkaure
  3223 | D:5      | Killed Menkaure
  3223 | D:5      | Reached *** piety under Okawaru
  3223 | D:5      | Reached skill level 1 in Shields
  3223 | D:5      | Your scales start taking on a glossy black colour.
  3223 | D:5      | Reached XP level 7. HP: 14/60 MP: 9/9
  3223 | D:5      | Gained mutation: You are resistant to electric shocks.
                  | (rElec) [Black Draconian growth]
  3617 | D:5      | Found an iron altar of Okawaru.
  3717 | D:5      | Noticed Edmund
  3726 | D:5      | Killed Edmund
  3726 | D:5      | Reached skill level 5 in Fighting
  3726 | D:5      | Reached skill level 6 in Long Blades
  4036 | D:5      | Found a burning altar of Makhleb.
  4687 | D:6      | Got a twisted mace
  4688 | D:6      | Identified the +9 mace of Truth {drain, rC++ MP+9 Str-2
                  | Int+2} (You found it on level 6 of the Dungeon)
  4692 | D:6      | Found a runed translucent door.
  4693 | D:6      | Noticed Crazy Yiuf
  4697 | D:6      | Killed Crazy Yiuf
  4945 | D:6      | Reached **** piety under Okawaru
  5176 | D:7      | Reached XP level 8. HP: 67/68 MP: 10/10
  5290 | D:7      | Noticed Harold
  5302 | D:7      | Mangled by Harold

Skill      XL: |  1  2  3  4  5  6  7 |
---------------+----------------------+-----
Stealth        | 2 |  2.1
Dodging        | 3 4 |  4.6
Long Blades    | 4 5 6 |  6.6
Fighting       | 4 5 |  5.4
Invocations    | 1 2 3 |  3.7
Shields        | 1 2 |  2.5

Action                   |  1- 3 |  4- 6 |  7- 9 || total
-------------------------+-------+-------+-------++-------
Melee: Falchion          |    59 |   180 |    65 ||   304
       Tailslap          |    16 |    32 |    19 ||    67
       Mace              |       |       |    34 ||    34
 Abil: Breathe Lightning |       |       |     6 ||     6
  Use: Scroll            |       |     2 |       ||     2
       Potion            |       |     3 |     1 ||     4
 Stab: Paralysed         |     2 |       |       ||     2
       Sleeping          |     1 |     7 |     1 ||     9
  Eat: Chunk             |       |     6 |     6 ||    12
       Ration            |       |       |     1 ||     1
Armor: Skin              |    13 |    50 |    20 ||    83
Dodge: Dodged            |    29 |   128 |    67 ||   224
Block: Buckler           |       |     8 |    18 ||    26
       Rpst.: Falchion   |     9 |    38 |    12 ||    59
